 Dungeon Crawl Stone Soup version 0.31.0-11-ge490571c62 (webtiles) character file.

Game seed: 12639776886844095972

50 qw the Shooter (level 3, -5/20 HPs)
             Began as a Deep Elf Hunter on Feb 3, 2024.
             Slain by a gnoll
             ... wielding a +0 spear
              (6 damage)
             ... on level 2 of the Dungeon.
             The game lasted 00:00:04 (1037 turns).

qw the Shooter (Deep Elf Hunter)                    Turns: 1037, Time: 00:00:04

Health: -5/20      AC:  5    Str: 10    XL:     3   Next: 55%
Magic:  5/5        EV: 11    Int: 13    God:
Gold:   18         SH:  0    Dex: 18    Spells: 2/2 levels left

rFire   . . .        a - +0 shortbow
rCold   . . .        (shield currently unavailable)
rNeg    . . .        d - +0 ring mail
rPois   .            (no helmet)
rElec   .            (no cloak)
rCorr   .            (no gloves)
SInv    .            (no boots)
Will    +....        (no amulet)
Stlth   +            e - ring of willpower
HPRegen 0.23/turn    (no ring)
MPRegen 0.09/turn

%: no passive effects
@: no status effects
A: no striking features
a: no special abilities


You were on level 2 of the Dungeon.
You visited 1 branch of the dungeon, and saw 2 of its levels.

You collected 18 gold pieces.


   Skills:
 - Level 1.5 Fighting
 + Level 7.1 Ranged Weapons
 - Level 2.4 Dodging
 - Level 1.2 Stealth


You had 2 spell levels left.
You didn't know any spells.
Your spell library was empty.

Inventory:

Hand Weapons
 a - a +0 shortbow (weapon)
Armour
 d - a +0 ring mail (worn)
Jewellery
 e - a ring of willpower (left hand)
Scrolls
 b - a scroll of immolation {unknown}
Potions
 i - a potion of resistance {unknown}

Dungeon Overview and Level Annotations

Branches:
Dungeon (2/15)

Altars:


Message History

You shoot an arrow. The arrow closely misses the gnoll.
You shoot an arrow. The arrow hits the gnoll!
The gnoll is heavily wounded.
The bat barely misses you.
A gnoll comes into view.
It is wielding a +0 spear and quivering a throwing net.
A gnoll comes into view. It is wielding a +0 whip.
The gnoll hits you from afar with a +0 spear.
Enter note:
Enter note:
1030 ||| RETREEEEATING.
Enter note:
1031 ||| RETREEEEATING.
The bat misses you.
You shoot an arrow. The arrow misses the bat.
The gnoll shouts!
The bat hits you but does no damage.
The ball python bites you but does no damage.
The ball python grabs you. The ball python constricts you.
The gnoll hits you from afar with a +0 spear.
You shoot an arrow. The arrow hits the ball python.
You kill the ball python!
The bat hits you but does no damage.
The gnoll hits you from afar with a +0 spear.
Enter note:
Enter note:
1034 ||| RETREEEEATING.
The bat hits you. The gnoll attacks as it pursues you!
The gnoll closely misses you.
Enter note:
Enter note:
1035 ||| RETREEEEATING.
Enter note:
1036 ||| RETREEEEATING.
The gnoll attacks as it pursues you!
The gnoll hits you from afar with a +0 spear.
You shoot an arrow.
The arrow hits the bat but does no damage.
The bat hits you. x2
The gnoll hits you from afar with a +0 spear.
You die...

......# ### #.........#
....... ..# #.........#
.......## #..# #..........
...%....###..# #..........
#.g.#..# #.........#
##g.b.# #####.###.# #...%#
##.###.#
.######g###########.......
........b@...........##.##
..#####)############.##.##
#....## ###.......##
#.##..###...##.#####
#.###.##..##...# #.#
#....###.###
........[..###.#######
##....................
#..##.#####(....####.


You could see 3 gnolls and a bat.

Vanquished Creatures
  A gnoll (D:1)
  An adder (D:2)
  A dart slug (D:1)
  2 orcs (D:2)
  4 ball pythons
  An endoplasm (D:1)
  A giant cockroach (D:1)
  3 hobgoblins (D:1)
  3 quokkas (D:1)
  2 bats (D:1)
  A frilled lizard (D:1)
  3 kobolds (D:1)
  4 rats
27 creatures vanquished.

Notes
Turn   | Place    | Note
-------+----------+-------------------------------------------
     0 | D:1      | qw the Deep Elf Hunter began the quest for the Orb.
     0 | D:1      | Reached XP level 1. HP: 12/12 MP: 3/3
     0 | D:1      | 0 ||| qw: Version: 0.3-a-157-g843a77d
     0 | D:1      | 0 ||| qw: Game counter: 3963
     0 | D:1      | 0 ||| qw: Melee chars always use a shield: true
     0 | D:1      | 0 ||| qw: God list: Okawaru
     0 | D:1      | 0 ||| qw: Allow faded altars: false
     0 | D:1      | 0 ||| qw: Do Orc after clearing Dungeon:15 true
     0 | D:1      | 0 ||| qw: Do second Lair branch before Depths: true
     0 | D:1      | 0 ||| qw: Lair rune preference: random
     0 | D:1      | 0 ||| qw: Goals: Normal
     0 | D:1      | 0 ||| PLANNING D:1-11
   351 | D:1      | Reached skill level 6 in Ranged Weapons
   351 | D:1      | Reached XP level 2. HP: 16/16 MP: 4/4
   535 | D:1      | Reached XP level 3. HP: 20/20 MP: 5/5
   858 | D:1      | 858 ||| UPGRADING to +0 ring mail.
   868 | D:1      | 868 ||| DROPPING +0 leather armour.
   869 | D:1      | 869 ||| UPGRADING to ring of willpower.
   870 | D:1      | 870 ||| READING scroll labelled OROEWA HIRE KYGOM.
   875 | D:1      | 875 ||| READING scroll labelled XICKOLU NIMNIGH.
   875 | D:1      | 875 ||| IDENTIFYING amethyst potion
   876 | D:1      | 876 ||| DROPPING scroll of butterflies.
   877 | D:1      | 877 ||| DROPPING potion of degeneration.
   969 | D:2      | Reached skill level 7 in Ranged Weapons
  1030 | D:2      | 1030 ||| RETREEEEATING.
  1031 | D:2      | 1031 ||| RETREEEEATING.
  1034 | D:2      | 1034 ||| RETREEEEATING.
  1035 | D:2      | 1035 ||| RETREEEEATING.
  1036 | D:2      | 1036 ||| RETREEEEATING.
  1036 | D:2      | HP: 3/20 [gnoll/+0 spear (5)]
  1037 | D:2      | HP: 1/20 [bat (1)]
  1037 | D:2      | Slain by a gnoll

Levels and vault maps discovered:
D:1:      lightli_arrival_lavapool, layout_loops_corners,
          minmay_misc_feat_secret_circle
D:2:      layout_rooms, kennysheep_generic_room_6

Skill      XL: |  1  2  3 |
---------------+----------+-----
Ranged Weapons | 6 7 |  7.1
Fighting       | |  1.5
Dodging        | |  2.4
Stealth        | |  1.2

Action                     || total
---------------------------++-------
   Fire: Shortbow          ||    96
    Use: Scroll            ||     2
 Armour: Leather armour    ||     8
         Ring mail         ||    24
  Dodge: Dodged            ||    27

Table legend:
 A = Non-vault XP
 B = Vault XP
 C = Vault XP percentage of total XP
 D = Non-vault monster count
 E = Vault monster count
 F = Vault count percentage of total count
                 A         B        C        D         E       F
            +---------+---------+-------+---------+---------+-------
      Total |      72 |       0 |   0.0 |      27 |       0 |   0.0
            +---------+---------+-------+---------+---------+-------
        D:1 |      48 |       0 |   0.0 |      20 |       0 |   0.0
        D:2 |      24 |       0 |   0.0 |       7 |       0 |   0.0
            +---------+---------+-------+---------+---------+-------
